AoeStats
← _atheris_

Arabia

510642412Analyzed
1v1 RM · 19h ago on Oct 1, 2026· 65m 29s· 2 players
Game mode
Random Map
Map size
Tiny (2 player)
Population
200
Speed
Normal
Resources
Standard
Victory
Conquest
Starting age
Dark Age
Ending age
Imperial Age
RankedLock teamsTeams togetherTeam positionsShared explorationLock speedFull tech treeHidden civsTurbo modeCheats
Victory
Defeat
🇨🇱 Magyars · Chile
955
+15
🇺🇸 Mongols · United States
943
-15
hayd3n18
8:39 Loom
10:47 Feudal Age
12:35 Wheelbarrow
13:32 Man-at-Arms
21:58 Castle Age
21:00 Bloodlines
22:39 Husbandry
28:49 Padded Archer Armor
29:27 Scale Barding Armor
31:26 Leather Archer Armor
35:37 Elite Skirmisher
44:19 Nomads
45:16 Hand Cart
47:41 Imperial Age
46:19 Hand Cart
45:57 Double-Bit Axe
47:28 Ballistics
48:27 Elite Mangudai
49:47 Murder Holes
50:04 Heavy Camel Rider
51:51 Caravan
52:18 Forging
52:08 Scale Mail Armor
53:48 Chemistry
53:35 Chain Barding Armor
53:51 Iron Casting
54:02 Thumb Ring
54:27 Fletching
55:53 Chain Mail Armor
_atheris_
10:40 Feudal Age
11:40 Man-at-Arms
21:46 Castle Age
20:02 Horse Collar
20:47 Fletching
22:32 Crossbowman
24:18 Double-Bit Axe
25:02 Pikeman
28:08 Bodkin Arrow
28:29 Loom
29:35 Thumb Ring
33:04 Bow Saw
33:39 Ballistics
33:47 Padded Archer Armor
37:00 Treadmill Crane
37:53 Husbandry
38:07 Bloodlines
39:51 Light Cavalry
43:25 Imperial Age
43:14 Corvinian Army
43:33 Town Watch
44:29 Conscription
45:38 Parthian Tactics
45:23 Bracer
46:47 Wheelbarrow
47:14 Two-Man Saw
47:08 Leather Archer Armor
48:12 Heavy Plow
49:09 Ring Archer Armor
48:59 Recurve Bow
48:51 Capped Ram
50:15 Scale Barding Armor
51:19 Chemistry
50:18 Elite Skirmisher
50:38 Elite Magyar Huszar
52:59 Cavalier
53:01 Halberdier
53:49 Siege Engineers
56:08 Heavy Cavalry Archer
57:06 Heavy Scorpion
Connection lost

Rejoining the realm…

Still unreachable

The connection could not be restored.

Session expired

The server has moved on; the page needs a fresh start.